 Dungeon Crawl Stone Soup version 0.23.2-1-ga50397a (webtiles) character file.

Game seed: 14542167535407644249

5728 forest the Covert (level 10, -18/51 HPs)
             Began as a Spriggan Assassin on May 29, 2019.
             Was a Believer of Dithmenos.
             Killed from afar by a fire dragon (41 damage)
             ... with a blast of flame
             ... on level 1 of the Lair of Beasts.
             The game lasted 00:44:45 (15245 turns).

forest the Covert (Spriggan Assassin)              Turns: 15245, Time: 00:44:47

Health: -18/51     AC:  5    Str:  9    XL:     10   Next: 48%
Magic:  0/11       EV: 24    Int: 14    God:    Dithmenos [**....]
Gold:   214        SH:  0    Dex: 18    Spells: 4/9 levels left

rFire    . . .     SeeInvis +   q - +0 hunting sling (freeze)
rCold    . . .     Gourm    .   (shield restricted)
rNeg     . . .     Faith    .   c - +1 robe
rPois    .         Spirit   +   o - +2 hat
rElec    .         Reflect  .   J - scarf {Spirit}
rCorr    .         Harm     .   (gloves unavailable)
MR       +....                  (boots unavailable)
Stlth    +++++++...             (no amulet)
HPRegen  0.17/turn              (no ring)
MPRegen  0.12/turn              (no ring)

@: wreathed by umbra, studying Long Blades, very quick
A: very small, unfitting armour, see invisible, herbivore, speed 3, slow
metabolism 2
a: Shadow Step, Renounce Religion


You were on level 1 of the Lair of Beasts.
You worshipped Dithmenos.
Dithmenos was pleased with you.
You were not hungry.

You visited 2 branches of the dungeon, and saw 10 of its levels.

You collected 428 gold pieces.
You spent 214 gold pieces at shops.

Inventory:

Hand Weapons
 a - a +2 dagger
 b - a +1 blowgun
 q - a +0 hunting sling of freezing (weapon)
 I - a +1 dagger of draining
Missiles
 e - 20 poisoned needles
 f - 9 curare-tipped needles
 i - 186 stones (quivered)
 C - 15 tomahawks
 G - 2 throwing nets
Armour
 c - a +1 robe (worn)
 o - a +2 hat (worn)
 F - a +1 cloak of magic resistance
 H - a +2 robe of positive energy
 J - a scarf of spirit shield (worn)
Jewellery
 n - an uncursed ring of protection from magic
Wands
 A - a wand of iceblast (16)
 E - a wand of disintegration (15)
 K - a wand of random effects (11)
 M - a wand of enslavement (4)
Scrolls
 h - 8 scrolls of teleportation
 k - 2 scrolls of enchant armour
 l - 4 scrolls of amnesia
 p - 2 scrolls of fog
 s - a scroll of fear
 t - 4 scrolls of enchant weapon
 w - 4 scrolls of magic mapping
 y - 3 scrolls of remove curse
 L - a scroll of identify
Potions
 j - a potion of invisibility
 r - a potion of haste
 u - a potion of brilliance
 v - a potion of might
 x - 2 potions of heal wounds
 z - a potion of resistance {unknown}
 B - a potion of flight
 D - a potion of agility
Books
 d - a manual of Long Blades
Comestibles
 g - 17 rations


   Skills:
 + Level 5.5 Fighting
 + Level 7.3 Short Blades
 + Level 10.2(10.7) Slings
 + Level 4.1(6.9) Throwing
 + Level 8.1 Dodging
 + Level 11.9 Stealth


You had 4 spell levels left.
You knew the following spells:

 Your Spells              Type           Power        Failure   Level  Hunger
a - Blink                 Tloc           N/A          41%         2    ###....
b - Slow                  Hex            #.......     41%         2    ###....
c - Magic Dart            Conj           #...         28%         1    ##.....

Your spell library contained the following spells:

 Spells                   Type           Power        Failure   Level  Hunger
 Confusing Touch          Hex            #.....       28%         1    ##.....
 Call Imp                 Summ           #.......     41%         2    ###....
 Confuse                  Hex            #.......     65%         3    ####...
 Conjure Flame            Conj/Fire      #.......     65%         3    ####...
 Gell's Gravitas          Tloc           #.........   65%         3    ####...
 Mephitic Cloud           Conj/Pois/Air  #.......     65%         3    ####...
 Petrify                  Tmut/Erth      #.......     96%         4    #####..
 Metabolic Englaciation   Hex/Ice        #.........   100%        5    ######.
 Yara's Violent Unravell  Hex/Tmut       #.........   100%        5    ######.


Dungeon Overview and Level Annotations

Branches:
Dungeon (9/15)             Temple (0/1) D:6            Lair (1/6) D:8
    Orc: D:9-12

Altars:
Ashenzari
Dithmenos
Gozag
Hepliaklqana
Makhleb
Nemelex Xobeh
Okawaru
Trog
Vehumet
Yredelemnul
Zin
The Shining One

Shops:
D:7 [


Innate Abilities, Weirdness & Mutations

You are very small and have problems with some larger weapons.
You are too small for most types of armour.
You have supernaturally acute eyesight. (SInv)
You are a herbivore.
You cover ground extremely quickly.
You need to consume almost no food.


Message History

Aim: a fire dragon (almost dead, poisoned)
You shoot a stone.
The stone hits the fire dragon but does no damage.
The fire dragon is almost dead.
Firing (i - inventory. (/) - cycle)
i - 188 stones (quivered)
Press: ? - help, Shift-Dir - straight line, f/p - fire dragon
Aim: a fire dragon (almost dead, poisoned)
You shoot a stone.
The stone hits the fire dragon but does no damage.
The fire dragon is almost dead.
Firing (i - inventory. (/) - cycle)
i - 187 stones (quivered)
Press: ? - help, Shift-Dir - straight line, f/p - fire dragon
Aim: a fire dragon (almost dead, poisoned)
You shoot a stone.
The stone hits the fire dragon but does no damage.
The fire dragon is almost dead.
The fire dragon breathes flames at you. The blast of flame hits you!!!
Ouch! That really hurt!
You die...

###### #####
########.##P###P#P####
#....@....D((.(.......
##...##+###....D..((.(
#PP..##.####........##
#P..##....##......#...
##..##....#.......#...
#...##....#.....).#...
##.........#......+...
#..P#.#####......#...
#.....#####......#...


You could see a fire dragon.

Vanquished Creatures
  A komodo dragon (Lair:1)
  3 hippogriffs
  4 yaks
  A basilisk (D:8)
  A hungry ghost (D:7)
  3 water moccasins (Lair:1)
  A porcupine (D:8)
  2 ice beasts
  An orc warrior (D:8)
  3 black bears
  A sky beast (D:8)
  2 phantoms
  3 centaurs
  4 ogres
  8 bullfrogs
  3 scorpions
  A killer bee (D:6)
  2 howler monkeys (D:5)
  A crimson imp (D:8)
  A bullfrog zombie (D:7)
  A bullfrog skeleton (D:8)
  6 orc priests
  2 centaur skeletons
  5 hounds
  3 orc wizards
  Jessica (D:2)
  7 iguanas
  6 worker ants
  A hound zombie (D:9)
  2 hound skeletons
  7 gnolls
  4 adders
  2 shadow imps
  2 oozes (D:1)
  3 adder skeletons
  An adder zombie (D:5)
  5 worms
  4 leopard geckos
  25 orcs
  11 giant cockroaches
  16 goblins
  5 hobgoblins
  9 jackals
  7 quokkas
  2 ball pythons
  9 bats
  6 frilled lizards
  7 kobolds
  A quokka zombie (D:7)
  12 rats
218 creatures vanquished.

Notes
Turn   | Place    | Note
-------+----------+-------------------------------------------
     0 | D:1      | forest the Spriggan Assassin began the quest for the Orb.
     0 | D:1      | Reached XP level 1. HP: 10/10 MP: 2/2
    63 | D:1      | Reached skill level 6 in Stealth
   369 | D:1      | Reached XP level 2. HP: 13/15 MP: 3/3
   595 | D:1      | Reached XP level 3. HP: 18/18 MP: 4/4
   664 | D:1      | Reached skill level 7 in Stealth
  1382 | D:2      | Found a sparkling altar of Nemelex Xobeh.
  1493 | D:2      | Reached XP level 4. HP: 23/23 MP: 5/5
  1558 | D:2      | Found a hazy altar of Hepliaklqana.
  1630 | D:2      | Noticed a phantom
  1647 | D:2      | Noticed Jessica
  2140 | D:2      | Killed Jessica
  2553 | D:2      | Found a shattered altar of Ashenzari.
  2701 | D:2      | Killed a phantom
  2701 | D:2      | Reached skill level 1 in Slings
  2701 | D:2      | Reached XP level 5. HP: 25/26 MP: 6/6
  2880 | D:3      | Found an opulent altar of Gozag.
  3263 | D:3      | Reached skill level 8 in Stealth
  3279 | D:3      | Reached XP level 6. HP: 19/30 MP: 7/7
  3844 | D:3      | HP: 1/32 [iguana (12)]
  5089 | D:3      | Reached XP level 7. HP: 35/35 MP: 8/8
  5660 | D:4      | Found a shadowy altar of Dithmenos.
  5668 | D:4      | Became a worshipper of Dithmenos the Shadowed
  5862 | D:4      | Found a burning altar of Makhleb.
  5936 | D:4      | Found a basalt altar of Yredelemnul.
  5937 | D:4      | Found a radiant altar of Vehumet.
  6077 | D:5      | Entered Level 5 of the Dungeon
  6693 | D:5      | Found a glowing silver altar of Zin.
  6704 | D:5      | Reached skill level 5 in Slings
  7358 | D:5      | Reached XP level 8. HP: 39/40 MP: 9/9
  8041 | D:6      | Reached skill level 9 in Stealth
  8048 | D:6      | Reached * piety under Dithmenos
  8166 | D:6      | Found an iron altar of Okawaru.
  8517 | D:6      | Found a sparkling altar of Nemelex Xobeh.
  8570 | D:6      | Found a bloodstained altar of Trog.
  8696 | D:6      | Found a staircase to the Ecumenical Temple.
  8742 | D:6      | Reached skill level 10 in Stealth
  9280 | D:7      | Learned a level 2 spell: Blink
  9283 | D:7      | Learned a level 2 spell: Slow
  9285 | D:7      | Learned a level 1 spell: Magic Dart
 10271 | D:7      | Found a glowing golden altar of the Shining One.
 10283 | D:7      | Reached skill level 5 in Short Blades
 10699 | D:7      | Reached skill level 5 in Dodging
 10699 | D:7      | Reached XP level 9. HP: 29/45 MP: 10/10
 11538 | D:7      | Reached skill level 11 in Stealth
 11819 | D:7      | Found Rydwal's Armour Shoppe.
 11870 | D:7      | Bought a +1 cloak of magic resistance for 214 gold pieces
 12465 | D:8      | Reached ** piety under Dithmenos
 12819 | D:8      | Identified a scroll of acquirement
 13094 | D:8      | Found a staircase to the Lair.
 13793 | D:9      | Reached XP level 10. HP: 39/51 MP: 9/11
 13978 | Lair:1   | Entered Level 1 of the Lair of Beasts
 14156 | D:8      | Reached skill level 5 in Fighting
 14735 | Lair:1   | Reached skill level 10 in Slings
 15046 | Lair:1   | Noticed a fire dragon
 15245 | Lair:1   | Killed from afar by a fire dragon

Skill      XL: |  1  2  3  4  5  6  7  8  9 10 |
---------------+-------------------------------+-----
Stealth        | 6 7 8 10 11 | 11.9
Dodging        | 2 3 5 7 8 |  8.1
Short Blades   | 3 4 5 6 7 |  7.3
Fighting       | 2 3 4 5 |  5.5
Slings         | 1 2 4 5 7 9 10 | 10.2
Throwing       | 4 |  4.1

Action                   |  1- 3 |  4- 6 |  7- 9 | 10-12 || total
-------------------------+-------+-------+-------+-------++-------
Melee: Dagger            |    77 |   244 |   484 |    80 ||   885
 Fire: Blowgun           |    15 |    23 |    20 |    11 ||    69
       Hunting sling     |       |    76 |   228 |   159 ||   463
Throw: Stone             |    16 |       |       |       ||    16
  Use: Scroll            |     5 |     4 |    13 |       ||    22
       Potion            |       |       |     5 |     1 ||     6
 Stab: Sleeping          |    17 |     8 |    34 |     5 ||    64
       Distracted        |       |     2 |       |     1 ||     3
  Eat: Ration            |       |     1 |     5 |       ||     6
Armor: Robe              |    10 |    23 |    37 |     3 ||    73
Dodge: Dodged            |    60 |   194 |   434 |    63 ||   751
